 Dungeon Crawl Stone Soup version 0.21-a0-531-gacddea6 (webtiles) character file.

2118 Amnesiac the Geomancer (level 9, -3/49 HPs)
             Began as a Deep Elf Earth Elementalist on Dec 13, 2017.
             Was a Priest of Sif Muna.
             Slain by an orc knight
             ... wielding a +0 glaive
              (22 damage)
             ... in a bailey.
             The game lasted 00:14:45 (5671 turns).

Amnesiac the Geomancer (DEEE)                       Turns: 5671, Time: 00:14:46

Health: -3/49      AC:  6    Str:  5    XL:     9   Next: 8%
Magic:  1/23       EV: 13    Int: 29    God:    Sif Muna [***...]
Gold:   414        SH: 10    Dex: 15    Spells: 10/24 levels left

rFire    . . .     SeeInvis .   k - +1 whip (elec)
rCold    + . .     Gourm    .   A - +0 buckler
rNeg     . . .     Faith    .   c - +0 robe
rPois    .         Spirit   .   x - +0 helmet
rElec    .         Reflect  +   C - +0 cloak
rCorr    .         Harm     .   m - +0 pair of gloves
MR       .....                  u - +0 pair of boots
Stlth    ++........             p - +5 amulet of reflection
HPRegen  0.16/turn              D - ring of protection from cold
MPRegen  0.18/turn              (no ring)

@: brilliant, very slightly contaminated, invisible, divine energy
A: no striking features
a: Stop Divine Energy, Channel Magic, Renounce Religion


You were in a bailey.
You worshipped Sif Muna.
Sif Muna was most pleased with you.
You were hungry.

You visited 1 branch of the dungeon, and saw 7 of its levels.
You also visited: Bailey.

You collected 504 gold pieces.
You spent 90 gold pieces at shops.

Inventory:

Hand Weapons
 k - a +1 whip of electrocution (weapon)
Missiles
 g - 52 poisoned needles
 B - 134 stones (quivered)
Armour
 c - a +0 robe (worn)
 m - a +0 pair of gloves (worn)
 u - a +0 pair of boots (worn)
 x - a +0 helmet (worn)
 A - a +0 buckler (worn)
 C - a +0 cloak (worn)
Jewellery
 p - a +5 amulet of reflection (around neck)
 D - a ring of protection from cold (left hand)
Scrolls
 a - a scroll of fear {!r}
 h - 3 scrolls of amnesia {!r}
 o - 5 scrolls of teleportation {!r}
 r - 2 scrolls of enchant armour {!r}
 s - 6 scrolls of remove curse {!r}
 y - a scroll of blinking {!r}
 F - 2 scrolls of fog {!r}
 G - a scroll of holy word {!r}
Potions
 f - 2 potions of agility {!q}
 i - 2 potions of curing {!q}
 j - a potion of lignification {!q}
 n - 4 potions of haste {!q}
 t - a potion of cancellation {!q}
 z - 3 potions of flight {!q}
Books
 e - a book of Geomancy

   Spells                             Type                      Level
   a - Sandblast                      Earth                        1
   b - Passwall                       Transmutation/Earth          2
   c - Stone Arrow                    Conjuration/Earth            3
   d - Petrify                        Transmutation/Earth          4
   e - Lee's Rapid Deconstruction     Earth                        5
Miscellaneous
 w - a sack of spiders
 E - a fan of gales
Comestibles
 d - 5 bread rations
 l - 9 fruits
 q - 2 meat rations


   Skills:
 - Level 2.4 Fighting
 - Level 2.4 Dodging
 - Level 2.4 Stealth
 - Level 4.1 Shields
 + Level 8.3 Spellcasting
 - Level 1.1 Transmutations
 * Level 9.7 Earth Magic


You had 10 spell levels left.
You knew the following spells:

 Your Spells              Type           Power        Failure   Level  Hunger
a - Stone Arrow           Conj/Erth      ######       1%          3    None
c - Passwall              Tmut/Erth      ######....   1%          2    None
d - Lee's Rapid Deconstr  Erth           ######....   1%          5    ####...
e - Petrify               Tmut/Erth      ######..     1%          4    #......


Dungeon Overview and Level Annotations

Branches:
Dungeon (7/15)             Temple (0/1) D:4

Altars:
Ashenzari
Cheibriados
Elyvilon
Fedhas
Qazlal
Ru
Sif Muna
Uskayaw
Wu Jian
Xom
Zin

Shops:
D:4 *   D:6 ?   D:7 (

Annotations:
D:6 1 runed door


Message History

Unknown command.
The orc knight shouts!
You hear a shout! x3
The orc knight hits you from afar with a glaive.
You hear a shout!
Casting: Stone Arrow
Confirm with . or Enter, or press ? or * to list all spells.
Aiming: Petrify
Press: ? - help, Shift-Dir - straight line, f - orc knight
Aim: an orc knight, wielding a glaive and wearing a scale mail (chance to defeat MR: 47%)
The orc knight resists with some effort.
Casting: Petrify
Confirm with . or Enter, or press ? or * to list all spells.
Aiming: Petrify
Press: ? - help, Shift-Dir - straight line, f/p - orc knight
Aim: an orc knight, wielding a glaive and wearing a scale mail (chance to defeat MR: 47%)
You miscast Petrify.
Sif Muna protects you from the effects of your miscast!
The orc knight hits you from afar with a glaive!
Casting: Petrify
Confirm with . or Enter, or press ? or * to list all spells.
Aiming: Petrify
Press: ? - help, Shift-Dir - straight line, f/p - orc knight
Aim: an orc knight, wielding a glaive and wearing a scale mail (chance to defeat MR: 47%)
You miscast Petrify.
Sif Muna protects you from the effects of your miscast!
The orc knight hits you from afar with a glaive!!
Ouch! That really hurt!
* * * LOW HITPOINT WARNING * * *
Really quaff
b - a potion of invisibility {!q}?
You fade into invisibility!
You block the orc knight's attack.
You are very lightly contaminated with residual magic.
Really quaff
I - a smoky white potion {!q}?
It was a potion of brilliance {!q}.
You feel clever all of a sudden. You block the orc knight's attack.
Casting: Petrify
Confirm with . or Enter, or press ? or * to list all spells.
Aiming: Petrify
Press: ? - help, Shift-Dir - straight line, f/p - orc knight
Aim: an orc knight, wielding a glaive and wearing a scale mail (chance to defeat MR: 59%)
The orc knight resists with significant effort.
Sif Muna grants you divine energy.
You briefly lose access to your magic!
Unknown command.
Really read
J - a scroll labeled SYXTIC YBRIC {!r}?
As you read the scroll labeled SYXTIC YBRIC {!r}, it crumbles to dust.
It is a scroll of enchant weapon.
Your +0 whip of electrocution glows red for a moment.
The orc knight barely misses you.
Really read
H - a scroll labeled RAIGROGIQU {!r}?
As you read the scroll labeled RAIGROGIQU {!r}, it crumbles to dust.
The creatures around you are filled with an inner flame!
It was a scroll of immolation {!r}.
The orc knight barely misses you.
Really read
G - 2 scrolls labeled UDWYOS XILL {!r}?
As you read the scroll labeled UDWYOS XILL {!r}, it crumbles to dust.
You speak a Word of immense power!
It was a scroll of holy word {!r}.
You regain access to your magic.
You block the orc knight's attack.
Really quaff
i - 3 potions of curing {!q}?
You feel better.
The orc knight hits you but does no damage.
The orc knight hits you with a glaive!!
You die...

### ###
###∩###########.##
##.∩.##.....##...#
.#..(#.o≈≈≈..#.o@#
..o....≈≈.≈≈.#)..#
......o≈ooo≈.)...#
.....oo≈≈.≈≈.#...#
.#...#oo≈≈≈..#...#
##...##.....##...#
###∩###########.##
### ###


You could see an orc knight (inner flame).

Vanquished Creatures
  The ghost of DEFE the Thrower, a novice DEAM of Trog (Bailey)
  An ice beast (D:6)
  3 orc warriors
  A phantom (D:7)
  The ghost of Vojta the Bolt Thrower, an amateur DDHu (D:3)
  2 ogres (D:4)
  2 centaurs
  A water moccasin zombie (D:7)
  A crimson imp (D:5)
  6 hounds
  2 orc wizards
  An orc priest (D:7)
  Crazy Yiuf (D:7)
  3 worker ants
  A hound skeleton (D:6)
  A howler monkey zombie (D:5)
  A worker ant zombie (D:6)
  6 adders
  3 gnolls (D:2)
  A shadow imp (D:6)
  2 oozes
  2 adder skeletons
  An adder zombie (D:5)
  A worm (D:2)
  2 dart slugs (D:2)
  A leopard gecko (D:4)
  17 orcs
  2 ball pythons
  8 giant cockroaches
  9 goblins
  5 hobgoblins
  7 jackals (D:2)
  6 quokkas
  A ball python zombie (D:3)
  4 bats
  4 frilled lizards
  4 kobolds
  6 rats
121 creatures vanquished.

Notes
Turn   | Place    | Note
-------+----------+-------------------------------------------
     0 | D:1      | Amnesiac the Deep Elf Earth Elementalist began the quest for the Orb.
     0 | D:1      | Reached XP level 1. HP: 10/10 MP: 6/6
    79 | D:1      | Reached skill level 1 in Fighting
    79 | D:1      | Reached XP level 2. HP: 16/16 MP: 4/8
   803 | D:2      | Found a shattered altar of Ashenzari.
   803 | D:2      | Found a deep blue altar of Sif Muna.
   807 | D:2      | Became a worshipper of Sif Muna the Loreminder
   817 | D:2      | Reached XP level 3. HP: 21/21 MP: 6/9
   977 | D:2      | Found a glowing silver altar of Zin.
   995 | D:2      | Reached XP level 4. HP: 22/26 MP: 6/11
   997 | D:2      | Reached skill level 4 in Earth Magic
  1539 | D:3      | Found a snail-covered altar of Cheibriados.
  1587 | D:3      | Reached * piety under Sif Muna
  1600 | D:3      | Learned a level 3 spell: Stone Arrow
  1603 | D:3      | Learned a level 2 spell: Passwall
  1805 | D:3      | Found a white marble altar of Elyvilon.
  1882 | D:3      | Reached XP level 5. HP: 31/31 MP: 9/13
  1934 | D:3      | Learned a level 5 spell: Lee's Rapid Deconstruction
  2073 | D:3      | Noticed Vojta's ghost (amateur DDHu)
  2112 | D:3      | Killed Vojta's ghost
  2112 | D:3      | Reached skill level 5 in Earth Magic
  2127 | D:3      | Found a blossoming altar of Fedhas.
  2130 | D:3      | Found a stormy altar of Qazlal.
  2262 | D:3      | Reached skill level 1 in Shields
  2525 | D:4      | Noticed an ogre
  2535 | D:4      | Found Yblauf's General Store.
  2544 | D:4      | Reached XP level 6. HP: 36/36 MP: 13/15
  2609 | D:4      | Bought a potion of heal wounds for 55 gold pieces
  2638 | D:4      | Reached skill level 5 in Spellcasting
  2670 | D:4      | Found an ornate altar of the Wu Jian Council.
  2804 | D:4      | Found a staircase to the Ecumenical Temple.
  2873 | D:4      | Reached skill level 6 in Earth Magic
  2875 | D:4      | Reached XP level 7. HP: 40/40 MP: 3/17
  3066 | D:5      | Entered Level 5 of the Dungeon
  3834 | D:5      | Reached skill level 7 in Earth Magic
  4212 | D:6      | Noticed a dagger
  4212 | D:6      | Noticed a dagger
  4218 | D:6      | Found a hide-covered altar of Uskayaw.
  4241 | D:6      | Found a sacrificial altar of Ru.
  4304 | D:6      | Found Deugh's Magic Scroll Shop.
  4316 | D:6      | Bought a scroll of fear for 35 gold pieces
  4345 | D:6      | Found a runed door.
  4454 | D:6      | Reached ** piety under Sif Muna
  4534 | D:6      | Noticed a two-headed ogre
  4535 | D:6      | Found a shimmering altar of Xom.
  4858 | D:7      | Learned a level 4 spell: Petrify
  4895 | D:7      | Reached XP level 8. HP: 45/45 MP: 7/19
  4955 | D:7      | Found Purohuvu's Antique Weapon Shop.
  4993 | D:7      | Reached skill level 8 in Earth Magic
  5005 | D:7      | Found a runed door.
  5019 | D:7      | Noticed Crazy Yiuf
  5021 | D:7      | Killed Crazy Yiuf
  5282 | D:7      | Found a flagged portal.
  5313 | Bailey   | Entered a bailey
  5313 | Bailey   | Noticed an orc knight
  5313 | Bailey   | Noticed an orc knight
  5338 | Bailey   | Noticed an orc knight
  5340 | Bailey   | Noticed DEFE's ghost (novice DEAM)
  5423 | Bailey   | Killed DEFE's ghost
  5423 | Bailey   | Reached skill level 9 in Earth Magic
  5473 | Bailey   | Reached XP level 9. HP: 38/49 MP: 0/23
  5582 | Bailey   | Reached *** piety under Sif Muna
  5671 | Bailey   | Slain by an orc knight

Vault maps used:
D:1:      moated_graveyard_arrival
D:2:      zin_academy, chequers_temple_overflow_statue_of_worship,
          minmay_misc_feat_iff
D:3:      elyvilon_altar_1, grunt_temple_overflow_forces_of_nature,
          cheibriados_altar_1, first_bread
D:4:      kennysheep_mini_moat, minmay_temple_entry_statues_fountains,
          serial_shops, shop
D:6:      dancing_weapons_uskayaw, xom_teletrap_fun, nicolae_ru_awakened_eye,
          serial_shops, shop, hangedman_decor_opposing, lightli_church_of_beogh
D:7:      serial_shops, shop_fountains, enter_bailey_7, grunt_livestock,
          feat_on_display, uniq_crazy_yiuf_cottage
Bailey:   bailey_polearm_4, bailey

Skill      XL: |  1  2  3  4  5  6  7  8 |
---------------+-------------------------+-----
Fighting       | 1 2 |  2.4
Earth Magic    | 4 5 6 7 9 |  9.7
Spellcasting   | 4 5 6 8 |  8.3
Shields        | 1 2 3 4 |  4.1
Dodging        | |  2.4
Stealth        | |  2.4
Transmutations | |  1.1

Action                   |  1- 3 |  4- 6 |  7- 9 || total
-------------------------+-------+-------+-------++-------
Melee: Unarmed           |     2 |       |       ||     2
       Whip              |    42 |    59 |    95 ||   196
Throw: Stone             |    10 |       |       ||    10
 Cast: Sandblast         |    23 |    40 |       ||    63
       Stone Arrow       |       |    28 |    95 ||   123
       Petrify           |       |       |     3 ||     3
       Lee's Rapid Decon |       |       |     1 ||     1
Invok: Divine Energy     |       |     1 |       ||     1
  Use: Scroll            |     5 |     3 |    12 ||    20
       Potion            |       |       |     6 ||     6
 Stab: Sleeping          |     1 |       |     2 ||     3
  Eat: Chunk             |       |     8 |     7 ||    15
       Royal jelly       |       |       |     1 ||     1
Armor: Robe              |     6 |    22 |    22 ||    50
Dodge: Dodged            |    36 |    38 |    61 ||   135
Block: Other             |     2 |    13 |       ||    15
       Reflection        |     1 |       |     5 ||     6
       Buckler           |       |     3 |    86 ||    89

Table legend:
 A = Spawn XP
 B = Non-spawn XP
 C = Spawn XP percentage of total XP
 D = Spawn monster count
 E = Non-spawn monster count
 F = Spawn count percentage of total count
 G = Total turns spent on level
                    A         B        C        D         E        F      G
               +---------+---------+-------+---------+---------+-------+---------
         Total |       0 |    3027 |   0.0 |       0 |     121 |   0.0 |  5671
               +---------+---------+-------+---------+---------+-------+---------
           D:1 |       0 |      30 |   0.0 |       0 |      17 |   0.0 |   799
           D:2 |       0 |     113 |   0.0 |       0 |      28 |   0.0 |   610
           D:3 |       0 |     233 |   0.0 |       0 |      20 |   0.0 |  1115
           D:4 |       0 |     365 |   0.0 |       0 |      10 |   0.0 |   542
           D:5 |       0 |     321 |   0.0 |       0 |      10 |   0.0 |  1144
           D:6 |       0 |     245 |   0.0 |       0 |      11 |   0.0 |   685
           D:7 |       0 |     686 |   0.0 |       0 |      19 |   0.0 |   418
        Bailey |       0 |    1034 |   0.0 |       0 |       6 |   0.0 |   358
               +---------+---------+-------+---------+---------+-------+---------
